 Dungeon Crawl Stone Soup version 0.31-a0-618-g7ca08c1ff9 (webtiles) character file.

Game seed: 2879858651956204460

1019 Hubris850 the Changeling (level 8, -5/58 HPs)
             Began as a Merfolk Shapeshifter on Aug 22, 2023.
             Slain by a gnoll
             ... wielding a +0 spear
              (7 damage)
             ... on level 5 of the Dungeon.
             The game lasted 00:11:12 (3259 turns).

Hubris850 the Changeling (Merfolk Shapeshifter)     Turns: 3259, Time: 00:11:13

Health: -5/58      AC:  9    Str: 16      XL:     8   Next: 22%
Magic:  8/8        EV: 14    Int:  6 (9)  God:
Gold:   152        SH:  0    Dex: 14      Spells: 7/7 levels left

rFire   + .          .
                       - Unarmed
rCold   . . .        (shield currently unavailable)
rNeg    . . .        p - +2 leather armour {rF+}
rPois   .            (no helmet)
rElec   .            (no cloak)
rCorr   .            (no gloves)
SInv    .            (no boots)
Will    .....        (no amulet)
Stlth   +            j - +4 ring of protection
HPRegen 0.29/turn    (no ring)
MPRegen 0.11/turn

%: no passive effects
@: flux-form, glowing
A: glow, contaminating, (nimble swimmer 2), mertail
a: Begin Untransformation


You were on level 5 of the Dungeon.
You were something dangerously unstable.
You visited 1 branch of the dungeon, and saw 5 of its levels.

You collected 152 gold pieces.

Inventory:

Hand Weapons
 f - a +2 short sword of holy wrath
 l - a +1 dagger of speed
Missiles
 b - 3 boomerangs
 h - 3 silver javelins
Armour
 a - a +0 animal skin
 i - a +0 ring mail
 p - a +2 leather armour of fire resistance (worn)
 r - a scarf of repulsion
Jewellery
 j - a +4 ring of protection (left hand)
Talismans
 c - a beast talisman
 d - a flux talisman (active)
Scrolls
 k - a scroll of teleportation
Potions
 e - 3 potions of attraction
 g - 4 potions of brilliance
Miscellaneous
 q - a phantom mirror


   Skills:
 - Level 3.0 Fighting
 - Level 7.0 Dodging
 + Level 6.5 Unarmed Combat
 + Level 7.5 Shapeshifting


You had 7 spell levels left.
You didn't know any spells.
Your spell library contained the following spells:

 Spells                   Type           Power      Damage    Failure   Level
 Lesser Beckoning         Tloc           0%         N/A       67%         2
 Poisonous Vapours        Pois/Air       0%         N/A       67%         2
 Static Discharge         Conj/Air       0%         2-2/arc   67%         2
 Gell's Gravitas          Tloc           0%         N/A       88%         3
 Mephitic Cloud           Conj/Pois/Air  0%         N/A       88%         3
 Teleport Other           Tloc           0%         N/A       88%         3
 Airstrike                Air            0%         2d(0-16)  99%         4
 Summon Lightning Spire   Summ/Air       0%         N/A       99%         4
 Freezing Cloud           Conj/Ice/Air   0%         6-21      100%        5


Dungeon Overview and Level Annotations

Branches:
Dungeon (5/15)
 Temple: D:4-7

Altars:
Ru

Shops:
D:3 (


Innate Abilities, Weirdness & Mutations

You are something dangerously unstable.
You glow with magical radiation, making you easy to see and hit.
Foes you strike become dangerously contaminated with magical radiation.
You are incapable of wielding weapons or throwing items.
((You are very nimble when in or above water. (Stealth+, EV+, Speed+++)))
Your lower body shifts to a powerful aquatic tail in water.


Message History

The gnoll hits you from afar with a +0 spear.
The ogre hits you with a +0 giant spiked club!
* * * LOW HITPOINT WARNING * * *
You hit the ogre.
The ogre begins to glow.
The ogre is almost dead.
The gnoll hits you from afar with a +0 spear.
* * * LOW HITPOINT WARNING * * *
The gnoll hits you from afar with a +0 spear.
* * * LOW HITPOINT WARNING * * *
You hit the ogre.
The ogre glows dangerously bright.
The ogre is almost dead.
The gnoll hits you from afar with a +0 spear.
* * * LOW HITPOINT WARNING * * *
The ogre closely misses you.
You punch the ogre!
You kill the ogre!
The gnoll hits you from afar with a +0 spear.
* * * LOW HITPOINT WARNING * * *
The gnoll closely misses you.
You feel your strength returning.
Your phantom mirror has recharged.
Okay, then.
The gnoll hits you but does no damage. The gnoll closely misses you. x2
You hit the gnoll.
The gnoll begins to glow.
The gnoll is lightly wounded.
The gnoll misses you.
The gnoll hits you from afar with a +0 spear.
* * * LOW HITPOINT WARNING * * *
You hit the gnoll.
The gnoll glows dangerously bright.
The gnoll is moderately wounded.
The gnoll hits you but does no damage. The gnoll closely misses you.
You punch the gnoll!
The gnoll shudders as magic cascades through it!!
You kill the gnoll!
The gnoll closely misses you.
The gnoll hits you from afar with a +0 spear.
* * * LOW HITPOINT WARNING * * *
The gnoll hits you with a +0 spear!
You die...

............#
##.########.#
#### #.# #
#.# #.#
##.######
#.......#
#..####.#
#....##B#
#.....#g#
#.......#
#........##
#.........#
.[.........#


#.P.PPPPP.P.# #.P.......P.# #.P.P...P.P.# You could see a gnoll.

Vanquished Creatures
  Sigmund (D:3)
  Menkaure (D:4)
  An ogre (D:5)
  2 phantoms (D:4)
  A scorpion (D:4)
  A howler monkey (D:4)
  2 orc priests (D:4)
  5 orc wizards
  6 gnolls
  7 adders
  3 worms
  2 dart slugs
  11 orcs
  12 endoplasms
  5 giant cockroaches
  8 goblins
  5 hobgoblins
  2 jackals (D:2)
  5 kobolds
  3 quokkas
  5 ball pythons
  5 bats
  3 frilled lizards (D:2)
  6 rats
102 creatures vanquished.

Notes
Turn   | Place    | Note
-------+----------+-------------------------------------------
     0 | D:1      | Hubris850 the Merfolk Shapeshifter began the quest for the
                  | Orb.
     0 | D:1      | Reached XP level 1. HP: 15/15 MP: 1/1
   131 | D:1      | Reached XP level 2. HP: 16/21 MP: 2/2
   511 | D:1      | Reached XP level 3. HP: 26/26 MP: 3/3
   860 | D:2      | Reached XP level 4. HP: 32/32 MP: 4/4
   947 | D:2      | Reached skill level 5 in Shapeshifting
  1329 | D:3      | Found Jaecsaq's Weapon Emporium.
  1411 | D:3      | Noticed Sigmund
  1421 | D:3      | Killed Sigmund
  1422 | D:3      | Reached skill level 5 in Unarmed Combat
  1422 | D:3      | Reached XP level 5. HP: 18/38 MP: 5/5
  1422 | D:3      | Reached XP level 6. HP: 20/44 MP: 6/6
  1627 | D:3      | Found a faded altar of an unknown god.
  2335 | D:4      | Reached skill level 5 in Dodging
  2365 | D:4      | Reached XP level 7. HP: 28/52 MP: 7/7
  2922 | D:4      | Noticed Menkaure
  2953 | D:4      | Killed Menkaure
  2954 | D:4      | Reached XP level 8. HP: 32/58 MP: 8/8
  3143 | D:5      | Entered Level 5 of the Dungeon
  3198 | D:5      | Found a sacrificial altar of Ru.
  3258 | D:5      | HP: 2/58 [gnoll/+0 spear (3)]
  3259 | D:5      | Slain by a gnoll

Illustrated notes

Levels and vault maps discovered:
D:1:      zaba_arrival_water, layout_rooms, serial_bayou_lagoon_a, st_stairs_1
D:2:      layout_rooms, palyth_stone_intersect, reono_crystal_passage
D:3:      layout_rooms, ebering_ecumenical_altar_petrified, serial_shops,
          nicolae_shop_stone, uniq_sigmund
D:4:      minmay_clustersquares, layout_layer_cave, uniq_menkaure
D:5:      layout_loops_cross, kennysheep_mini_moat,
          mainiacjoe_overflow_cross_hatched, nicolae_figureground_pulse

Skill      XL: |  1  2  3  4  5  6  7 |
---------------+----------------------+-----
Dodging        | 3 4 5 7 |  7.0
Unarmed Combat | 4 5 6 |  6.5
Shapeshifting  | 6 7 |  7.5
Fighting       | 2 3 |  3.0

Action                     |  1- 3 |  4- 6 |  7- 9 || total
---------------------------+-------+-------+-------++-------
  Melee: Unarmed           |    76 |     6 |    96 ||   178
         Short sword       |    12 |       |     3 ||    15
         Punch             |     1 |     5 |     2 ||     8
         Dagger            |       |   160 |       ||   160
  Throw: Javelin           |       |     3 |       ||     3
Ability: Begin Untransform |       |       |     1 ||     1
  Evoke: Phantom mirror    |       |       |     1 ||     1
    Use: Scroll            |     4 |     5 |       ||     9
         Potion            |       |     1 |     3 ||     4
   Stab: Sleeping          |       |       |     1 ||     1
 Armour: Animal skin       |     6 |       |       ||     6
         Ring mail         |    25 |    28 |       ||    53
         Skin              |       |    32 |     5 ||    37
         Leather armour    |       |    21 |    28 ||    49
  Dodge: Dodged            |    37 |    68 |    54 ||   159
   Form: Flux              |       |       |     1 ||     1

Table legend: (Time is in decaauts)
 A = Elapsed time spent in this place.
 B = Non-inter-level travel time spent in this place.
 C = Inter-level travel time spent in this place.
 D = Time resting spent in this place.
 E = Time spent auto-exploring this place.
 F = Levels seen in this place.
 G = Mean time per level.
                   A        B        C        D        E       F      G
               +--------+--------+--------+--------+--------+-----+--------+
         Total |   3176 |   3028 |    148 |    577 |   1783 |   5 |  635.2 |
       Dungeon |   3176 |   3028 |    148 |    577 |   1783 |   5 |  635.2 |
               +--------+--------+--------+--------+--------+-----+--------+

Top non-repeatable levels by time:
     D:4: 1201 daAuts
     D:1: 673 daAuts
     D:3: 629 daAuts
     D:2: 560 daAuts
     D:5: 111 daAuts
